 Dungeon Crawl Stone Soup version 0.28-a0-245-g639a1a48b9 (webtiles) character file.

Game seed: 862637267157393317

680 Sweetruy1997 the Gusty (level 7, -1/37 HPs)
             Began as a Tengu Air Elementalist on Aug 24, 2021.
             Was an Initiate of Sif Muna.
             Slain by an orc warrior (16 damage)
             ... on level 6 of the Dungeon on Aug 25, 2021.
             The game lasted 00:11:21 (6006 turns).

Sweetruy1997 the Gusty (Tengu Air Elementalist)     Turns: 6006, Time: 00:11:21

Health: -1/37      AC:  7    Str: 10    XL:     7   Next: 60%
Magic:  1/14       EV: 14    Int: 22    God:    Sif Muna [......]
Gold:   151        SH:  0    Dex: 14    Spells: 4/14 levels left

rFire   . . .      SeeInvis .   c - +0 whip
rCold   + . .      Faith    .   (no shield)
rNeg    + . .      Spirit   .   i - +3 leather armour {rC+}
rPois   .          Reflect  .   (helmet restricted)
rElec   .          Harm     .   a - +0 cloak
rCorr   .          Rampage  .   (no gloves)
Will    .....                   (boots unavailable)
Stlth   ++........              (no amulet)
HPRegen 0.12/turn               d - +6 ring of intelligence
MPRegen 0.14/turn               l - ring of positive energy

@: swift, flying quickly and evasively, very quick
A: beak, talons 3, nimble flight
a: Renounce Religion


You were on level 6 of the Dungeon.
You worshipped Sif Muna.
Sif Muna was noncommittal.
You visited 2 branches of the dungeon, and saw 7 of its levels.

You collected 151 gold pieces.

Inventory:

Hand Weapons
 c - a +0 whip (weapon)
Armour
 a - a +0 cloak (worn)
 i - a +3 leather armour of cold resistance (worn)
 p - a +2 kite shield
Jewellery
 d - a +6 ring of intelligence (left hand)
 l - a ring of positive energy (right hand)
Wands
 m - a wand of flame (15)
 q - a wand of mindburst (4)
Scrolls
 e - a scroll of noise {unknown}
 g - a scroll of holy word
 o - 2 scrolls of magic mapping {unknown}
Potions
 b - 2 potions of haste
 f - 3 potions of flight {unknown}
 h - a potion of cancellation {unknown}
 j - a potion of ambrosia {unknown}
 k - 2 potions of curing {unknown}
 n - a potion of heal wounds {unknown}


   Skills:
 + Level 0.9 Fighting
 - Level 2.0 Maces & Flails
 - Level 1.0 Armour
 + Level 2.8 Dodging
 + Level 2.3 Stealth
 + Level 4.2 Spellcasting
 + Level 4.5 Conjurations
 + Level 7.5 Air Magic


You had 4 spell levels left.
You knew the following spells:

 Your Spells              Type           Power      Damage    Failure   Level
a - Shock                 Conj/Air       100%       1d9       1%          1
b - Static Discharge      Conj/Air       31%        N/A       1%          2
c - Swiftness             Air            37%        N/A       1%          3
d - Airstrike             Air            18%        N/A       7%          4

Your spell library contained the following spells:

 Spells                   Type           Power      Damage    Failure   Level


Dungeon Overview and Level Annotations

Branches:
Dungeon (6/15)             Temple (1/1) D:5

Altars:
Elyvilon
Gozag
Hepliaklqana
Kikubaaqudgha
Nemelex Xobeh
Qazlal
Ru
Sif Muna
Trog
Uskayaw
Wu Jian
Yredelemnul
Zin
The Shining One


Innate Abilities, Weirdness & Mutations

You have a beak for a mouth.
You have claws for feet.
Your magical nature lets you fly swiftly and evasively.


Message History

The zap hits the orc priest.
The orc priest is severely wounded.
The zap hits the orc priest.
The orc priest is almost dead.
The orc priest calls down the wrath of Beogh upon you.
Beogh smites you!
The zap hits the orc priest.
You kill the orc priest!
Sif Muna accepts your kill.
The zap misses the iguana.
The zap misses the iguana.
The zap hits the iguana but does no damage.
The zap hits the orc warrior.
The orc warrior is lightly wounded.
The zap hits the iguana.
The iguana is moderately wounded.
The zap hits the orc warrior.
The orc warrior is moderately wounded.
The iguana completely misses you.
Casting: Shock (safe; 1% risk of failure)
Confirm with . or Enter, or press ? or * to list all spells.
You feel quick. The iguana bites you.
Casting: Swiftness (safe; 1% risk of failure)
Confirm with . or Enter, or press ? or * to list all spells.
The iguana is struck by an arc of lightning!
You kill the iguana!
Sif Muna accepts your kill.
You are struck by an arc of lightning.
The lightning grounds out.
You are too injured to fight recklessly!
The orc wizard shouts!
Casting: Static Discharge (safe; 1% risk of failure)
Confirm with . or Enter, or press ? or * to list all spells.
The orc warrior is struck by an arc of lightning!
The orc warrior is heavily wounded.
You are struck by an arc of lightning.
The orc warrior is struck by an arc of lightning.
The orc warrior is severely wounded.
The lightning grounds out.
The orc warrior hits you with a +0 dire flail!
You die...

#. #. #....# oo #.
#.##.# ....# ...
...##....#####..####....
#....##........##.o÷....
.................)#
#..............#.##
#................##
..............o..<##
.............@...(.#
....#.<..............
...............#......#
#.....#######..#....##..
...... #........ ##
..#.. .....#..## .....
..##..#..# .... # ...
....


You could see an orc warrior and an orc wizard.

Vanquished Creatures
  2 ogres (D:5)
  A centaur (D:6)
  A centaur skeleton (D:5)
  3 hounds
  An orc priest (D:6)
  An orc wizard (D:4)
  3 iguanas
  A howler monkey skeleton (D:4)
  12 adders
  An adder zombie (D:5)
  2 worms
  A dart slug (D:3)
  7 orcs
  4 ball pythons
  2 endoplasms (D:2)
  2 giant cockroaches
  5 goblins
  9 hobgoblins
  A quokka (D:3)
  3 bats
  4 frilled lizards
  5 kobolds
  4 rats
75 creatures vanquished.

Notes
Turn   | Place    | Note
-------+----------+-------------------------------------------
     0 | D:1      | Sweetruy1997 the Tengu Air Elementalist began the quest for
                  | the Orb.
     0 | D:1      | Reached XP level 1. HP: 10/10 MP: 4/4
   401 | D:1      | Reached XP level 2. HP: 15/15 MP: 4/6
   404 | D:1      | Learned a level 2 spell: Static Discharge
  1170 | D:2      | Reached XP level 3. HP: 19/19 MP: 2/7
  2238 | D:3      | Reached XP level 4. HP: 24/24 MP: 3/8
  2303 | D:3      | Learned a level 3 spell: Swiftness
  2330 | D:3      | Reached skill level 1 in Maces & Flails
  2545 | D:3      | Reached skill level 5 in Air Magic
  2844 | D:3      | Found a faded altar of an unknown god.
  3321 | D:4      | Gained mutation: Your magical nature lets you fly swiftly
                  | and evasively. [Tengu growth]
  3321 | D:4      | Reached XP level 5. HP: 28/28 MP: 7/10
  3557 | D:4      | Reached skill level 6 in Air Magic
  4081 | D:4      | Reached skill level 1 in Armour
  4130 | D:5      | Entered Level 5 of the Dungeon
  4151 | D:5      | Reached XP level 6. HP: 33/33 MP: 6/11
  4259 | D:5      | Learned a level 4 spell: Airstrike
  4437 | D:5      | Found a glowing silver altar of Zin.
  4778 | D:5      | Found a staircase to the Ecumenical Temple.
  4796 | Temple   | Entered the Ecumenical Temple
  5164 | Temple   | Became a worshipper of Sif Muna the Loreminder
  5205 | D:5      | Reached skill level 7 in Air Magic
  5205 | D:5      | Reached XP level 7. HP: 14/37 MP: 3/13
  5562 | D:5      | Found a hide-covered altar of Uskayaw.
  5616 | D:5      | Found a sparkling altar of Nemelex Xobeh.
  6006 | D:6      | Slain by an orc warrior

Illustrated notes

Levels and vault maps discovered:
D:1:      roderic_dead_forest, layout_loops_ring, minmay_misc_feat_diagonals,
          lemuel_old_faithful
D:2:      layout_loops_corners
D:3:      layout_basic, hellmonk_ecumenical_altar_lost_god, dk_noncrumbling_2,
          minmay_misc_feat_rugged
D:4:      layout_basic
D:5:      layout_loops_ring, nemelex_diamond_rough_becter, zin_treasury,
          nicolae_uskayaw_murder_on_the_dancefloor,
          minmay_temple_entry_statues_fountains, minivault_27
D:6:      layout_rooms, grunt_dithmenos_shadows, minmay_misc_feat_columns,
          hangedman_decor_slide_cut, uniq_sigmund
Temple:   minmay_temple_curvy_loop

Skill      XL: |  1  2  3  4  5  6  7 |
---------------+----------------------+-----
Maces & Flails | 2 |  2.0
Air Magic      | 5 6 7 |  7.5
Conjurations   | 2 3 4 |  4.5
Armour         | 1 |  1.0
Spellcasting   | 3 4 |  4.2
Fighting       | |  0.9
Dodging        | |  2.8
Stealth        | |  2.3

Action                   |  1- 3 |  4- 6 |  7- 9 || total
-------------------------+-------+-------+-------++-------
Melee: Whip              |     9 |    24 |       ||    33
       Kick              |     2 |     7 |       ||     9
       Peck              |     1 |     3 |       ||     4
 Cast: Shock             |    68 |    90 |    15 ||   173
       Static Discharge  |     1 |     1 |     3 ||     5
       Airstrike         |       |     2 |     1 ||     3
       Swiftness         |       |       |     1 ||     1
  Use: Scroll            |     2 |     2 |       ||     4
Armor: Leather armour    |     1 |     9 |     3 ||    13
Dodge: Dodged            |     8 |    17 |     3 ||    28

Table legend: (Time is in decaauts)
 A = Elapsed time spent in this place.
 B = Non-inter-level travel time spent in this place.
 C = Inter-level travel time spent in this place.
 D = Time resting spent in this place.
 E = Time spent auto-exploring this place.
 F = Levels seen in this place.
 G = Mean time per level.
                   A        B        C        D        E       F      G
               +--------+--------+--------+--------+--------+-----+--------+
         Total |   5862 |   5647 |    215 |    640 |   4345 |   7 |  837.4 |
       Dungeon |   5507 |   5312 |    195 |    640 |   4131 |   6 |  917.8 |
        Temple |    355 |    336 |     19 |      0 |    214 |   1 |  355.0 |
               +--------+--------+--------+--------+--------+-----+--------+

Top non-repeatable levels by time:
     D:5: 1384 daAuts
     D:2: 1190 daAuts
     D:3: 1147 daAuts
     D:4: 923 daAuts
     D:1: 816 daAuts
  Temple: 355 daAuts
     D:6: 44 daAuts
